AoeStats
← JabberWocky

Black Forest

510039888Analyzed
4v4 RM · 5d ago on Sep 29, 2026· 91m 30s· 8 players
Game mode
Random Map
Map size
Large (8 player)
Population
200
Speed
Normal
Resources
Standard
Victory
Conquest
Starting age
Dark Age
Ending age
Imperial Age
RankedLock teamsTeams togetherTeam positionsShared explorationLock speedFull tech treeHidden civsTurbo modeCheats
Victory
Defeat
🇲🇽 Khmer · Mexico
671
+16
🇺🇸 Portuguese · United States
669
+16
🇨🇷 Ethiopians · Costa Rica
657
+17
🇨🇦 Persians · Canada
605
+19
🇻🇪 Malay · Venezuela
754
-20
🇨🇳 Poles · China
675
-17
🇻🇪 Sicilians · Venezuela
644
-16
🇨🇳 Britons · China
620
-15
owen and marlon
11:58 Feudal Age
13:24 Wheelbarrow
14:07 Double-Bit Axe
14:50 Horse Collar
20:43 Gold Mining
24:01 Castle Age
24:47 Hand Cart
27:50 Husbandry
28:24 Bow Saw
36:07 Imperial Age
36:15 Kamandaran
37:34 Fervor
40:08 Two-Man Saw
39:11 Heavy Plow
39:04 Town Watch
40:10 Thumb Ring
39:32 Crossbowman
40:09 Fletching
40:30 Forging
40:48 Conscription
43:29 Caravan
43:44 Elite War Elephant
44:59 Citadels
46:26 Crop Rotation
45:57 Bodkin Arrow
46:37 Iron Casting
46:28 Ballistics
47:09 Chemistry
46:20 Masonry
47:03 Scale Barding Armor
48:46 Heavy Camel Rider
50:00 Bloodlines
60:23 Blast Furnace
59:45 Chain Barding Armor
59:28 Padded Archer Armor
84:40 Cavalier
RadCargo6254
0:45 Loom
15:27 Feudal Age
15:50 Fishing Lines
17:30 Wheelbarrow
16:40 Town Watch
17:46 Gold Mining
17:51 Double-Bit Axe
19:21 Stone Mining
27:20 Castle Age
27:52 Gillnets
28:07 Town Patrol
28:22 Bloodlines
28:12 Husbandry
27:33 Light Cavalry
28:02 Horse Collar
28:54 Hand Cart
29:04 Bow Saw
29:37 Stone Shaft Mining
29:06 Heavy Plow
33:05 Circumnavigation
35:35 Caravan
35:34 Treadmill Crane
35:49 Murder Holes
36:06 Fortified Wall
35:59 Devotion
37:07 Ballistics
40:45 Imperial Age
39:59 Forging
39:55 Scale Barding Armor
39:40 Fletching
39:51 Scale Mail Armor
39:52 Padded Archer Armor
41:51 Cavalier
43:07 Conscription
42:22 Sappers
44:00 Two-Man Saw
43:08 Elite Organ Gun
47:52 Bodkin Arrow
51:22 Iron Casting
52:10 Chemistry
53:10 Blast Furnace
52:30 Chain Barding Armor
52:12 Bracer
53:06 Chain Mail Armor
53:39 Leather Archer Armor
63:46 Arquebus
murphyrh
3:40 Loom
16:35 Feudal Age
21:24 Castle Age
22:51 Caravan
28:07 Town Watch
29:17 Double-Bit Axe
30:06 Fishing Lines
32:45 Gold Mining
32:55 Stone Mining
34:08 Gillnets
36:13 Husbandry
36:23 Bloodlines
38:00 Wheelbarrow
37:25 Town Patrol
39:03 Stone Shaft Mining
39:04 Gold Shaft Mining
39:02 Fortified Wall
38:48 Murder Holes
41:39 Imperial Age
39:44 Hand Cart
41:09 Horse Collar
41:46 Bow Saw
42:29 Ballistics
43:52 Heavy Scorpion
45:36 Chemistry
44:02 Elite Ballista Elephant
44:43 Double Crossbow
45:05 Conscription
44:57 Tusk Swords
45:29 Siege Engineers
45:12 Capped Ram
46:17 Scale Barding Armor
46:13 Scale Mail Armor
46:13 Padded Archer Armor
46:04 Fletching
46:24 Forging
46:37 Siege Ram
46:40 Cavalier
46:44 Light Cavalry
50:01 Chain Barding Armor
49:56 Chain Mail Armor
49:57 Leather Archer Armor
49:37 Bodkin Arrow
50:18 Iron Casting
62:51 Plate Barding Armor
62:46 Ring Archer Armor
62:17 Bracer
63:17 Blast Furnace
75:06 Hussar
81:55 Coinage
91:57 Guard Tower
91:58 Heated Shot
92:19 Masonry
Wobbuffet3383
0:41 Loom
14:43 Feudal Age
21:27 Fletching
21:38 Padded Archer Armor
22:56 Fishing Lines
30:09 Castle Age
28:16 Double-Bit Axe
28:21 Horse Collar
28:34 Gold Mining
28:44 Stone Mining
28:27 Man-at-Arms
39:50 Imperial Age
37:25 Crossbowman
40:29 Elite Shotel Warrior
43:15 Chemistry
67:59 Gillnets
75:30 Wheelbarrow
74:58 Town Watch
76:41 Hand Cart
79:48 Town Patrol
86:10 Forging
86:01 Scale Mail Armor
87:36 Bow Saw
88:45 Iron Casting
88:26 Chain Mail Armor
TheGems
1:39 Loom
16:40 Feudal Age
17:31 Horse Collar
21:46 Forging
21:37 Scale Mail Armor
25:31 Castle Age
26:12 Gold Mining
26:13 Stone Mining
29:34 Gold Shaft Mining
29:36 Stone Shaft Mining
32:41 Wheelbarrow
35:08 Imperial Age
33:22 Wheelbarrow
32:34 Double-Bit Axe
32:48 Pikeman
34:18 Chain Mail Armor
37:30 Hand Cart
39:46 First Crusade
39:56 Elite Serjeant
41:48 Onager
44:03 Capped Ram
45:21 Siege Ram
45:52 Halberdier
48:03 Chemistry
48:53 Iron Casting
64:05 Blast Furnace
63:36 Plate Mail Armor
72:49 Squires
72:34 Arson
73:18 Caravan
JabberWocky
0:31 Loom
13:27 Feudal Age
13:32 Double-Bit Axe
15:25 Horse Collar
18:31 Wheelbarrow
22:45 Castle Age
21:43 Gold Mining
22:46 Bow Saw
22:38 Heavy Plow
22:55 Hand Cart
24:55 Gold Shaft Mining
28:01 Stone Mining
34:28 Imperial Age
32:02 Pikeman
32:42 Squires
32:27 Arson
34:22 Conscription
35:20 Crop Rotation
35:08 Forging
34:48 Halberdier
35:57 Man-at-Arms
37:15 Iron Casting
37:39 Long Swordsman
38:40 Two-Handed Swordsman
39:31 Forced Levy
41:56 Blast Furnace
41:28 Capped Ram
51:02 Town Watch
51:23 Thalassocracy
50:54 Sappers
SENKAII
2:13 Loom
12:04 Feudal Age
12:47 Double-Bit Axe
12:45 Horse Collar
14:45 Wheelbarrow
18:18 Town Watch
20:41 Gold Mining
20:41 Stone Mining
22:03 Stone Mining
24:23 Castle Age
26:04 Bow Saw
25:47 Gold Mining
25:58 Heavy Plow
27:22 Hand Cart
27:08 Town Patrol
32:04 Fletching
32:15 Padded Archer Armor
33:55 Squires
33:41 Arson
33:19 Pikeman
33:24 Crossbowman
34:30 Yeomen
34:45 Heated Shot
34:35 Treadmill Crane
35:17 Ballistics
35:14 Fortified Wall
37:43 Caravan
39:42 Masonry
39:34 Murder Holes
43:16 Imperial Age
41:30 Gambesons
41:46 Bodkin Arrow
42:06 Leather Archer Armor
42:02 Forging
41:53 Scale Mail Armor
44:24 Conscription
43:24 Elite Longbowman
43:50 Arbalester
45:45 Chemistry
44:53 Siege Engineers
45:22 Architecture
45:22 Halberdier
46:39 Guilds
47:32 Bracer
48:03 Ring Archer Armor
48:09 Iron Casting
47:49 Chain Mail Armor
50:57 Illumination
50:49 Block Printing
50:46 Fervor
2769166824
1:05 Loom
10:56 Feudal Age
18:52 Castle Age
29:20 Double-Bit Axe
29:17 Horse Collar
30:44 Wheelbarrow
30:58 Heavy Plow
31:14 Bow Saw
33:23 Gold Mining
33:23 Stone Mining
34:14 Hand Cart
34:14 Forging
34:04 Scale Mail Armor
34:10 Scale Barding Armor
34:18 Masonry
36:10 Stone Shaft Mining
36:38 Squires
36:23 Arson
35:58 Pikeman
39:35 Imperial Age
37:44 Husbandry
37:53 Szlachta Privileges
38:03 Bloodlines
37:14 Light Cavalry
37:56 Treadmill Crane
38:57 Murder Holes
39:58 Elite Obuch
40:59 Lechitic Legacy
40:15 Cavalier
40:17 Winged Hussar
41:36 Hoardings
42:11 Chemistry
42:11 Siege Engineers
42:07 Elite Skirmisher
43:43 Crop Rotation
43:02 Town Watch
44:50 Iron Casting
44:30 Chain Mail Armor
44:36 Chain Barding Armor
45:16 Padded Archer Armor
45:06 Fletching
45:40 Ballistics
47:24 Blast Furnace
47:00 Plate Mail Armor
46:32 Padded Archer Armor
46:22 Fletching
46:45 Fortified Wall
48:18 Bombard Tower
55:35 Onager
68:53 Thumb Ring
Connection lost

Rejoining the realm…

Still unreachable

The connection could not be restored.

Session expired

The server has moved on; the page needs a fresh start.